 Dungeon Crawl Stone Soup version 0.18.1-5-g4a78601 (console) character file.

1 Lasty the Bolt Thrower (level 1, -4/12 HPs)
             Began as a Tengu Arcane Marksman on May 9, 2016.
             Slain by a hobgoblin
             ... wielding a +0 club
              (5 damage)
             ... on level 1 of the Dungeon.
             The game lasted 00:00:31 (137 turns).

Lasty the Bolt Thrower (Tengu Arcane Marksman)       Turns: 137, Time: 00:00:32

Health: -4/12      AC:  2    Str: 11    XL:     1   Next: 20%
Magic:  3/3        EV: 12    Int: 13    God:
Gold:   0          SH:  0    Dex: 13    Spells: 1 memorised, 1 level left

rFire  . . .     SeeInvis .     b - +0 club (curse)
rCold  . . .     Gourm    .     g - +0 robe
rNeg   . . .     Faith    .     (no shield)
rPois  .         Spirit   .     (helmet restricted)
rElec  .         Dismiss  .     (no cloak)
rCorr  .         Reflect  .     (no gloves)
SustAt .         Harm     .     (boots unavailable)
MR     .....                    (no amulet)
Stlth  +.........               (no ring)
                                (no ring)

@: not resistant to hostile enchantments, very unstealthy
A: beak, talons 3
a: no special abilities


You were on level 1 of the Dungeon.
You were not hungry.

You visited 1 branch of the dungeon, and saw 1 of its levels.


Innate Abilities, Weirdness & Mutations

You have a beak for a mouth.
You have claws for feet.


   Skills:
 + Level 1.1 Fighting
 * Level 2.2 Crossbows
 - Level 2.1 Dodging
 - Level 1.0 Spellcasting
 - Level 2.1 Hexes


You had one spell level left.
You knew the following spells:

 Your Spells              Type           Power        Failure   Level  Hunger
s - Corona                Hex            #......      14%         1    ##.....

Inventory:

Hand Weapons
 a - a +0 hand crossbow
 b - a cursed +0 club (weapon)
Missiles
 d - 20 bolts
Armour
 g - a +0 robe (worn)
Scrolls
 e - a scroll of enchant weapon {unknown}
Books
 c - a book of Debilitation

   Spells                             Type                      Level
   a - Corona                         Hexes                        1
   b - Slow                           Hexes                        2
   c - Gell's Gravitas                Hexes/Translocation          3
   d - Inner Flame                    Hexes/Fire                   3
   e - Cause Fear                     Hexes                        4
   f - Leda's Liquefaction            Hexes/Earth                  4
Comestibles
 f - a bread ration {!e}


Message History

The giant newt bites you.
You take 2 damage.
You miss the giant newt. The giant newt bites you.
You take 1 damage.
You hit the giant newt.
You kill the giant newt!
Unknown command.
You start resting.
HP restored.
Found a dagger.
Found 10 gold pieces.
h - a scroll labeled LUWKEWK LAALEL Read which item? (? for menu, Esc to quit)
As you read the scroll labeled LUWKEWK LAALEL, it crumbles to dust.
It is a scroll of amnesia.
Forget which spell ([?*] list [ESC] exit)?
Forget which spell ([?*] list [ESC] exit)?
Okay, then.
You see here a dagger.
A goblin comes into view. It is wielding a club.
The goblin shouts!
Found a mace.
A hobgoblin comes into view. It is wielding a club.
You miss the goblin.
The hobgoblin shouts!
You peck the goblin.
The goblin is severely wounded.
The hobgoblin moves out of view.
The goblin closely misses you.
You closely miss the goblin.
The goblin is severely wounded.
The goblin hits you with a club.
You take 4 damage.
You closely miss the goblin.
The goblin is heavily wounded.
The goblin misses you. The goblin closely misses you.
You hit the hobgoblin but do no damage. You hit the goblin but do no damage.
You claw the goblin.
The goblin is severely wounded.
The hobgoblin closely misses you. The goblin hits you with a club.
* * * LOW HITPOINT WARNING * * *
The hobgoblin misses you.
You take 3 damage.
You barely miss the goblin.
The goblin is severely wounded.
The hobgoblin hits you but does no damage.
The goblin hits you with a club.
* * * LOW HITPOINT WARNING * * *
You take 4 damage.
You closely miss the hobgoblin. The hobgoblin hits you with a club.
You die...

#. .#... #. .....
#.# ######..#.#
#.######........$#
#.........#.#$.###
#.........#.#.....
#.........#.#..###
#.........+.)....#
#.........#@#
#.###...)gg.# #.#
#.####### ######.#
#.# .......# #.#
######## #.# #. #.
#.


You could see a hobgoblin and a goblin.

Vanquished Creatures
  A giant newt (D:1)
  A kobold (D:1)
2 creatures vanquished.

Notes
Turn   | Place    | Note
--------------------------------------------------------------
     0 | D:1      | Lasty the Tengu Arcane Marksman began the quest for the Orb.
     0 | D:1      | Reached XP level 1. HP: 12/12 MP: 3/3
   135 | D:1      | HP: 1/12 [goblin/club (4)]
   137 | D:1      | Slain by a hobgoblin

Vault maps used:
D:1:      roderic_dead_forest

Action                   || total
-------------------------++-------
Melee: Club              ||    12
       Kick              ||     1
       Peck              ||     1
 Fire: Hand crossbow     ||     1
  Use: Scroll            ||     1
Dodge: Dodged            ||     8
